 Dungeon Crawl Stone Soup version 0.24.0-37-gcf1ca852f1 (webtiles) character file.

Game seed: 8549199035307194588, levelgen mode: deterministic

173251 H0rd4k the Sorcerer (level 17, 0/87 HPs)
             Began as a Deep Elf Wizard on Dec 3, 2019.
             Was an Initiate of Gozag.
             Engulfed by a cloud of freezing vapour (20 damage)
             ... in an ice cave on Dec 5, 2019.
             The game lasted 03:27:20 (41081 turns).

H0rd4k the Sorcerer (Deep Elf Wizard)              Turns: 41081, Time: 03:27:21

Health: 0/87       AC:  9    Str: 14    XL:     17   Next: 17%
Magic:  44/44      EV: 16    Int: 37    God:    Gozag
Gold:   1081       SH:  0    Dex: 14    Spells: 3/58 levels left

rFire    + + .     SeeInvis +   y - staff of summoning
rCold    . . .     Gourm    .   (no shield)
rNeg     + + .     Faith    .   L - +2 robe {MR+}
rPois    .         Spirit   .   S - +2 helmet {SInv}
rElec    .         Reflect  .   B - scarf {repulsion}
rCorr    .         Harm     .   p - +1 pair of gloves of Bitterness {Str+6 Int+4 Dex+4}
MR       ++...                  (no boots)
Stlth    ++++......             x - amulet of magic regeneration
HPRegen  0.24/turn              E - ring "Kuxonk" {rF++ rN+ Str+4}
MPRegen  0.54/turn              t - ring of Iczew {rN+ Int+2 Dex-3 Stlth+}

@: studying Stealth, repel missiles
A: no striking features
}: 1/15 runes: barnacled
a: Potion Petition, Call Merchant, Bribe Branch, Renounce Religion


You were in an ice cave.
You worshipped Gozag.
Gozag was most pleased with you.
You were not hungry.

You visited 6 branches of the dungeon, and saw 28 of its levels.
You also visited: Gauntlet and Ice Cave.

You collected 8916 gold pieces.
You spent 3476 gold pieces at shops.
You paid 4359 gold pieces to Gozag.

Inventory:

Hand Weapons
 O - the +5 hunting sling of the Dwarven Hall {flame, +Blink rElec rN++ Int-3}
   (You bought it in a shop on level 9 of the Dungeon)

   It causes projectiles fired from it to burn those they strike, causing extra
   injury to most foes and up to half again as much damage against particularly
   susceptible opponents.
   It affects your intelligence (-3).
   It insulates you from electricity.
   It greatly protects you from negative energy.
   It lets you blink.
Armour
 k - the +2 ratskin cloak {+Rats rPois rN+ Str-1 Int-1 Dex+1}
   (You bought it in a shop on level 9 of the Dungeon)

   It affects your strength (-1).
   It affects your intelligence (-1).
   It affects your dexterity (+1).
   It protects you from poison.
   It protects you from negative energy.
 p - the +1 pair of gloves of Bitterness (worn) {Str+6 Int+4 Dex+4}
   (You acquired it on level 1 of the Orcish Mines)

   It affects your strength (+6).
   It affects your intelligence (+4).
   It affects your dexterity (+4).
 B - a scarf of repulsion (worn)
 L - a +2 robe of magic resistance (worn)
 S - a +2 helmet of see invisible (worn)
Magical Staves
 g - an uncursed staff of cold
 i - an uncursed staff of air
 y - an uncursed staff of summoning (weapon)
 H - an uncursed staff of poison
Jewellery
 t - the ring of Iczew (right hand) {rN+ Int+2 Dex-3 Stlth+}
   (You found it in a Gauntlet)

   [ring of dexterity]

   It affects your intelligence (+2).
   It affects your dexterity (-3).
   It protects you from negative energy.
   It makes you more stealthy.
 x - an amulet of magic regeneration (around neck)
 E - the ring "Kuxonk" (left hand) {rF++ rN+ Str+4}
   (You found it on level 6 of the Lair of Beasts)

   [ring of positive energy]

   It affects your strength (+4).
   It greatly protects you from fire.
   It protects you from negative energy.
Wands
 a - a wand of paralysis (11)
 j - a wand of disintegration (20)
 n - a wand of flame (15)
 q - a wand of scattershot (4)
 w - a wand of iceblast (20)
 F - a wand of digging (11)
 Q - a wand of acid (46)
Scrolls
 c - 5 scrolls of fear
 e - 7 scrolls of remove curse
 f - 12 scrolls of teleportation
 r - 6 scrolls of fog
 v - a scroll of enchant weapon
 I - a scroll of blinking
 N - 7 scrolls of identify
Potions
 b - 5 potions of resistance
 h - 7 potions of curing
 l - 3 potions of ambrosia
 m - 7 potions of haste
 o - 2 potions of agility
 u - 2 potions of invisibility
 C - 2 potions of might
 J - 2 potions of magic
 K - 5 potions of brilliance
 M - 3 potions of flight
 P - 3 potions of cancellation
 Y - a potion of heal wounds
Books
 T - a manual of Stealth
Miscellaneous
 s - a crystal ball of energy
 z - a sack of spiders
 A - a phial of floods
 G - a box of beasts
 R - a phial of floods
Comestibles
 d - 31 rations


   Skills:
 + Level 3.0 Fighting
 + Level 7.5 Dodging
 + Level 5.7 Stealth
 + Level 0.3 Unarmed Combat
 + Level 21.4 Spellcasting
 + Level 16.6 Conjurations
 + Level 8.5 Hexes
 + Level 8.5 Charms
 * Level 9.4 Summonings
 + Level 6.8 Translocations
 + Level 12.5 Fire Magic
 + Level 1.2 Ice Magic
 + Level 3.2 Air Magic
 + Level 6.0 Poison Magic
 + Level 4.4 Evocations


You had 3 spell levels left.
You knew the following spells:

 Your Spells              Type           Power        Failure   Level  Hunger
a - Magic Dart            Conj           ####         0%          1    None
b - Blink                 Tloc           N/A          1%          2    None
c - Conjure Flame         Conj/Fire      #######.     0%          3    None
d - Mephitic Cloud        Conj/Pois/Air  #######.     1%          3    None
e - Inner Flame           Hex/Fire       #######.     1%          3    None
f - Fireball              Conj/Fire      #######...   1%          5    None
g - Swiftness             Chrm/Air       ######..     1%          2    None
h - Venom Bolt            Conj/Pois      #######...   1%          5    None
i - Olgreb's Toxic Radia  Pois           ######..     1%          4    None
j - Summon Ice Beast      Ice/Summ       #######.     1%          4    None
k - Summon Guardian Gole  Hex/Summ       ########     1%          3    None
l - Invisibility          Hex            #######.     3%          6    None
m - Ring of Flames        Chrm/Fire      #######...   8%          7    None
n - Monstrous Menagerie   Summ           ########..   12%         7    None

Your spell library contained the following spells:

 Spells                   Type           Power        Failure   Level  Hunger
 Flame Tongue             Conj/Fire      #####        0%          1    None
 Shock                    Conj/Air       ####         0%          1    None
 Sting                    Conj/Pois      ####         0%          1    None
 Summon Butterflies       Summ           ########     0%          1    None
 Summon Small Mammal      Summ           ####         0%          1    None
 Searing Ray              Conj           ######       0%          2    None
 Throw Flame              Conj/Fire      ######       0%          2    None
 Dazzling Spray           Conj/Hex       ######       0%          3    None
 Apportation              Tloc           ######       1%          1    None
 Beastly Appendage        Tmut           #####.       1%          1    None
 Confusing Touch          Hex            ######       1%          1    None
 Freeze                   Ice            ####         1%          1    None
 Infusion                 Chrm           ####         1%          1    None
 Call Imp                 Summ           ########     1%          2    None
 Ensorcelled Hibernation  Hex/Ice        ######       1%          2    None
 Passwall                 Tmut/Erth      #####...     1%          2    None
 Poisonous Vapours        Pois/Air       ######       1%          2    None
 Slow                     Hex            #######.     1%          2    None
 Sticks to Snakes         Tmut           #####...     1%          2    None
 Throw Frost              Conj/Ice       ######       1%          2    None
 Call Canine Familiar     Summ           ########     1%          3    None
 Confuse                  Hex            #######.     1%          3    None
 Gell's Gravitas          Tloc           ######....   1%          3    None
 Ignite Poison            Fire/Tmut/Pois ######..     1%          3    None
 Lesser Beckoning         Tloc           ######....   1%          3    None
 Ozocubu's Armour         Chrm/Ice       ######..     1%          3    None
 Spider Form              Tmut/Pois      ######....   1%          3    None
 Static Discharge         Conj/Air       #######.     1%          3    None
 Tukima's Dance           Hex            #######.     1%          3    None
 Iskenderun's Mystic Bla  Conj           ########     0%          4    None
 Sticky Flame             Conj/Fire      #######.     0%          4    None
 Airstrike                Air            ######....   1%          4    None
 Force Lance              Conj/Tloc      #######.     1%          4    None
 Fulminant Prism          Conj/Hex       #######...   1%          4    None
 Passage of Golubria      Tloc           N/A          1%          4    None
 Summon Lightning Spire   Summ/Air       #######.     1%          4    None
 Throw Icicle             Conj/Ice       #######.     1%          4    None
 Lightning Bolt           Conj/Air       #######...   1%          5    None
 Metabolic Englaciation   Hex/Ice        ######....   2%          5    None
 Bolt of Cold             Conj/Ice       #######...   2%          6    None
 Yara's Violent Unravell  Hex/Tmut       ######....   3%          5    None
 Darkness                 Hex            #######...   3%          6    None
 Ice Form                 Ice/Tmut       #####...     4%          4    None
 Alistair's Intoxication  Tmut/Pois      ######..     5%          5    None
 Petrify                  Tmut/Erth      #####...     7%          4    None
 Summon Greater Demon     Summ           ########..   12%         7    None
 Blade Hands              Tmut           #####.....   19%         5    None
 Lee's Rapid Deconstruct  Erth           #####.....   19%         5    None
 Malign Gateway           Summ/Tloc      ########..   21%         7    None
 Simulacrum               Ice/Necr       #####.....   61%         6    None
 Summon Horrible Things   Summ           ########..   67%         8    ##.....


Dungeon Overview and Level Annotations

Branches:
Dungeon (13/15)            Temple (1/1) D:7            Lair (6/6) D:9
 Shoals (4/4) Lair:2        Snake (2/4) Lair:2        Slime (0/5) Lair:6
    Orc (2/2) D:9             Elf (0/3) Orc:2        Vaults (0/5) D:13
  IceCv (1/1)             Gauntlet (visited)

Altars:
Ashenzari
Cheibriados
Dithmenos
Elyvilon
Fedhas
Gozag
Hepliaklqana
Kikubaaqudgha
Makhleb
Nemelex Xobeh
Okawaru
Qazlal
Ru
Sif Muna
Trog
Uskayaw
Vehumet
Wu Jian
Xom
Yredelemnul
Zin
The Shining One
Beogh

Shops:
D:9 [:[([   Orc:1 }   Orc:2 **??:   Snake:1 %

Portals:
Trove: D:13 (give horn of Geryon)

Annotations:
D:10 exclusion: downstairs
Shoals:4 exclusion: kraken


Message History

[Y]es or [N]o only, please.
Really walk into that cloud of freezing vapour? [Y]es or [N]o only, please.
Really walk into that cloud of freezing vapour?
Okay, then.
You are engulfed in freezing vapours.
You now have 1013 gold pieces (gained 18).
You now have 1034 gold pieces (gained 21).
You now have 1046 gold pieces (gained 12).
You now have 1081 gold pieces (gained 35).
You are engulfed in freezing vapours.
You are engulfed in freezing vapours.
You enter the shallow water.
Moving in this stuff is going to be slow.
You are engulfed in freezing vapours.
You are engulfed in freezing vapours.
* * * LOW HITPOINT WARNING * * *
You are engulfed in freezing vapours.
You die...
Your body crumbles into a pile of gold.

###### #
#######....## ##
##§##...##.#.## ##.
##§#@§.#####.#.####..
#§§#§§## #...####...#
##### #§§.###
##...##...##
#...####§§##
##...##..##
#..$##.####..##
#..###..##
#☼.§####..####..###
#..####..#
##☼§#≈≈≈#..#
###§○#####..#.....
#.# #≈≈≈#..###
##.§○####....#.# ○§#
######...##
#.○###.########


There were no monsters in sight!

Vanquished Creatures
  Polyphemus (Shoals:3)
  Donald (Shoals:4)
  The ghost of iamserjio the Fighter, a journeyman OpGl of Hepliaklqana (Orc:2)
  A minotaur (Gauntlet)
  3 merfolk javelineers (Shoals:4)
  Snorg (D:11)
  10 merfolk impalers
  2 vault guards (D:13)
  Fannar (Lair:3)
  4 merfolk avatars
  4 catoblepae
  4 naga warriors (Snake:1)
  8 hydras
  5 merfolk aquamancers
  A satyr (Shoals:4)
  15 death yaks
  2 anacondas (Snake:1)
  2 two-headed ogres
  Urug (D:11)
  5 orc high priests
  Sonja (Lair:4)
  4 shock serpents
  A naga sharpshooter (Snake:1)
  Nergalle (Orc:1)
  10 sea snakes
  A wizard (D:13)
  A salamander mystic (Snake:1)
  2 unseen horrors
  2 naga ritualists (Snake:1)
  3 necromancers (D:13)
  Pikel (D:4)
  14 harpies
  3 ugly things
  2 fauns (Shoals:4)
  7 mana vipers (Snake:1)
  6 orc sorcerers (Orc:2)
  3 cyclopes
  3 salamanders (Snake:1)
  20 manticores
  2 centaur zombies (D:12)
  8 elephants
  7 oklob plants
  An eye of devastation (shapeshifter) (Gauntlet)
  4 water nymphs
  A rust devil (Gauntlet)
  A guardian serpent (Snake:1)
  9 merfolk sirens
  19 black mambas
  6 naga magi
  Psyche (D:11)
  An ice statue (IceCv)
  Joseph (D:7)
  A torpor snail (Lair:2)
  A gargoyle (D:12)
  11 spiny frogs
  18 komodo dragons
  2 freezing wraiths (IceCv)
  2 anaconda simulacra (IceCv)
  A golden dragon simulacrum (IceCv)
  28 merfolk
  A jumping spider (shapeshifter) (Gauntlet)
  2 polar bears
  A hornet (D:13)
  2 trolls
  A troll (shapeshifter) (Gauntlet)
  3 meliai (D:12)
  A queen bee (D:12)
  5 wind drakes
  2 dream sheep (Shoals:3)
  16 blink frogs
  8 hippogriffs
  9 snapping turtles
  Sigmund (D:2)
  A vampire (D:13)
  6 wyverns
  2 centaur simulacra
  A ynoxinul (Gauntlet)
  9 water elementals
  32 yaks
  3 hogs (D:7)
  Grum (D:11)
  20 humans
  A chaos spawn (Gauntlet)
  A steam dragon (D:11)
  5 basilisks
  A neqoxec (Gauntlet)
  Menkaure (D:4)
  A hungry ghost (D:6)
  2 harpy simulacra (IceCv)
  12 nagas
  A warg (Orc:1)
  3 hydra simulacra (IceCv)
  11 water moccasins
  2 soldier ants
  Duvessa (D:5)
  2 acid dragons
  10 porcupines
  20 orc warriors
  An eye of draining (D:9)
  An ice beast (D:7)
  A sky beast (D:11)
  A black bear (D:6)
  An alligator simulacrum (IceCv)
  A phantom (D:5)
  3 centaurs
  5 necrophages
  5 ogres
  12 wolves
  An ettin simulacrum (IceCv)
  14 crocodiles
  16 bullfrogs
  A wyvern zombie (D:12)
  Dowan (D:5)
  A scorpion (D:9)
  28 killer bees
  An elephant simulacrum (IceCv)
  4 wights (D:11)
  A howler monkey (D:13)
  7 crimson imps
  3 quasits
  3 draconian simulacra (IceCv)
  4 iron imps (Gauntlet)
  4 hounds
  28 orc priests
  A bullfrog skeleton (D:10)
  10 jellies (Lair:6)
  27 orc wizards
  A centaur skeleton (D:11)
  6 iguanas
  A spriggan simulacrum (IceCv)
  15 worker ants
  5 troll simulacra (IceCv)
  A hound zombie (D:11)
  4 hound skeletons
  2 howler monkey zombies (D:8)
  A worker ant zombie (D:8)
  A gnoll (D:1)
  2 naga simulacra (IceCv)
  7 adders
  3 shadow imps
  3 white imps (IceCv)
  4 oozes
  An adder zombie (D:5)
  2 worms (D:2)
  A dart slug (D:2)
  6 leopard geckos
  83 orcs
  7 bats
  5 giant cockroaches
  10 goblins
  8 hobgoblins
  2 jackals (D:9)
  4 quokkas
  A ball python (D:3)
  A frilled lizard (D:4)
  2 kobolds (D:1)
  4 rats
  2 bushes
  A butterfly (Lair:5)
  3 fungi
  22 plants
890 creatures vanquished.

Vanquished Creatures (collateral kills)
  A merfolk siren (Shoals:4)
  A troll (D:11)
  A merfolk (Shoals:4)
  An orc (Orc:2)
4 creatures vanquished.

Vanquished Creatures (others)
  A harpy (Shoals:4)
  6 white imps (IceCv)
  8 ufetubi (IceCv)
  A quokka (D:6)
  A bush (D:8)
  13 fungi
  43 plants
  13 withered plants (Gauntlet)
86 creatures vanquished.

Grand Total: 980 creatures vanquished

Notes
Turn   | Place    | Note
-------+----------+-------------------------------------------
     0 | D:1      | H0rd4k the Deep Elf Wizard began the quest for the Orb.
     0 | D:1      | Reached XP level 1. HP: 10/10 MP: 7/7
   234 | D:1      | Reached XP level 2. HP: 15/15 MP: 1/9
   240 | D:1      | Reached skill level 5 in Spellcasting
   859 | D:2      | Noticed Sigmund
   864 | D:2      | Reached XP level 3. HP: 19/19 MP: 6/11
   868 | D:2      | Learned a level 2 spell: Blink
   872 | D:2      | Learned a level 3 spell: Conjure Flame
   876 | D:2      | Learned a level 3 spell: Mephitic Cloud
  2035 | D:3      | Noticed an ogre
  2122 | D:2      | Killed an ogre
  2122 | D:2      | Reached skill level 6 in Spellcasting
  2122 | D:2      | Reached XP level 4. HP: 18/24 MP: 1/14
  2122 | D:2      | Reached XP level 5. HP: 21/28 MP: 1/15
  2236 | D:3      | Found a basalt altar of Yredelemnul.
  2343 | D:3      | Found a burning altar of Makhleb.
  2531 | D:3      | Noticed an ogre
  2537 | D:3      | Killed an ogre
  2537 | D:3      | Reached skill level 7 in Spellcasting
  2537 | D:3      | Reached XP level 6. HP: 17/32 MP: 7/18
  3023 | D:4      | Found a bloodstained altar of Trog.
  3023 | D:4      | Found a glowing golden altar of the Shining One.
  3127 | D:4      | Found a sparkling altar of Nemelex Xobeh.
  3132 | D:4      | Noticed Menkaure
  3148 | D:5      | Entered Level 5 of the Dungeon
  3148 | D:5      | Noticed Pikel
  3148 | D:5      | Noticed a slave
  3148 | D:5      | Noticed a slave
  3333 | D:4      | Killed Menkaure
  3816 | D:5      | Noticed a slave
  3851 | D:5      | Reached XP level 7. HP: 29/36 MP: 14/20
  3863 | D:5      | Found an iron altar of Okawaru.
  3908 | D:5      | Reached skill level 1 in Poison Magic
  3937 | D:5      | Reached skill level 8 in Spellcasting
  4326 | D:4      | Killed Pikel
  4326 | D:4      | Reached skill level 9 in Spellcasting
  4326 | D:4      | Reached skill level 5 in Conjurations
  4326 | D:4      | Reached skill level 1 in Fire Magic
  4326 | D:4      | Reached XP level 8. HP: 33/42 MP: 0/23
  4625 | D:5      | Noticed Duvessa
  4630 | D:5      | Noticed Dowan
  4638 | D:5      | Killed Duvessa
  4647 | D:5      | Killed Dowan
  5093 | D:6      | Reached skill level 10 in Spellcasting
  5364 | D:6      | Found a white marble altar of Elyvilon.
  6253 | D:7      | Found a staircase to the Ecumenical Temple.
  6345 | D:7      | Reached skill level 1 in Fighting
  6504 | D:7      | Found an opulent altar of Gozag.
  6548 | D:7      | Reached XP level 9. HP: 47/47 MP: 22/25
  6624 | D:7      | Noticed Joseph
  6675 | D:7      | Killed Joseph
  6675 | D:7      | Reached skill level 11 in Spellcasting
  6675 | D:7      | Reached skill level 1 in Air Magic
  7295 | D:7      | Found a shimmering blue altar of Sif Muna.
  7885 | D:7      | Reached skill level 12 in Spellcasting
  8120 | Temple   | Entered the Ecumenical Temple
  8212 | D:7      | Became a worshipper of Gozag Ym Sagoz the Greedy
  8398 | D:2      | Killed Sigmund
  8597 | D:7      | Learned a level 3 spell: Inner Flame
  8603 | D:7      | Learned a level 5 spell: Fireball
  8853 | D:8      | Found a blossoming altar of Fedhas.
  8866 | D:8      | Reached XP level 10. HP: 52/53 MP: 23/28
  9254 | D:8      | Found a hide-covered altar of Uskayaw.
 10119 | D:9      | Noticed an elephant
 10219 | D:9      | Found a staircase to the Lair.
 10241 | D:9      | Reached skill level 13 in Spellcasting
 10329 | D:9      | Reached skill level 10 in Conjurations
 10426 | D:9      | Killed an elephant
 10896 | D:9      | Found a staircase to the Orcish Mines.
 11012 | D:10     | Entered Level 10 of the Dungeon
 11518 | D:10     | Reached skill level 5 in Dodging
 11632 | D:10     | Found a roughly hewn altar of Beogh.
 12285 | D:11     | Noticed a seven-headed hydra
 12309 | D:11     | Killed a seven-headed hydra
 12320 | D:11     | Noticed Snorg
 12569 | D:11     | Reached XP level 11. HP: 57/57 MP: 26/30
 12579 | D:11     | Reached skill level 14 in Spellcasting
 12627 | D:11     | Noticed a purple ugly thing
 12630 | D:11     | Killed Snorg
 12637 | D:11     | Killed a purple ugly thing
 12689 | D:11     | Learned a level 2 spell: Swiftness
 12837 | D:11     | Noticed Psyche
 12861 | D:11     | Killed Psyche
 12861 | D:11     | Reached skill level 1 in Charms
 12933 | D:11     | Noticed Grum
 12947 | D:11     | HP: 1/57 [something (7)]
 13017 | Lair:1   | Entered Level 1 of the Lair of Beasts
 13023 | D:9      | Reached skill level 1 in Hexes
 13175 | Lair:1   | Noticed a four-headed hydra
 13321 | Lair:1   | Killed a four-headed hydra
 14184 | Lair:1   | Reached skill level 5 in Stealth
 14340 | Lair:1   | Reached skill level 5 in Hexes
 15333 | Lair:2   | Found a staircase to the Snake Pit.
 15410 | Lair:2   | Noticed a six-headed hydra
 15418 | Lair:2   | Killed a six-headed hydra
 15418 | Lair:2   | Reached skill level 15 in Spellcasting
 15418 | Lair:2   | Reached skill level 5 in Charms
 15418 | Lair:2   | Reached XP level 12. HP: 62/62 MP: 15/33
 15595 | Lair:2   | Learned a level 5 spell: Venom Bolt
 15601 | Lair:2   | Learned a level 4 spell: Olgreb's Toxic Radiance
 15602 | Lair:2   | Noticed an eight-headed hydra
 15654 | Lair:2   | Reached skill level 5 in Fire Magic
 15929 | Lair:2   | Killed an eight-headed hydra
 16023 | Lair:2   | Noticed an eight-headed hydra
 16032 | Lair:2   | Killed an eight-headed hydra
 16884 | Lair:2   | Found a staircase to the Shoals.
 17609 | Lair:3   | Noticed Fannar
 17612 | Lair:3   | Killed Fannar
 18680 | Lair:4   | Learned a level 4 spell: Summon Ice Beast
 18684 | Lair:4   | Learned a level 3 spell: Summon Guardian Golem
 18934 | Lair:4   | Noticed Sonja
 18993 | Lair:4   | Killed Sonja
 19083 | Lair:4   | Noticed a four-headed hydra
 19164 | Lair:4   | Killed a four-headed hydra
 19164 | Lair:4   | Reached skill level 16 in Spellcasting
 19164 | Lair:4   | Reached XP level 13. HP: 68/68 MP: 7/35
 20853 | Lair:5   | Reached skill level 5 in Translocations
 21494 | Lair:5   | Reached skill level 17 in Spellcasting
 21868 | Lair:6   | Entered Level 6 of the Lair of Beasts
 22675 | Lair:6   | Found a staircase to the Slime Pits.
 22796 | Lair:6   | Got a smoking bone ring
 22947 | Lair:6   | Identified the ring "Kuxonk" {rF++ rN+ Str+4} (You found it
                  | on level 6 of the Lair of Beasts)
 23050 | Lair:6   | Reached XP level 14. HP: 61/72 MP: 26/37
 23283 | Lair:6   | Reached skill level 18 in Spellcasting
 24303 | Orc:1    | Entered Level 1 of the Orcish Mines
 24332 | Orc:1    | Found a shimmering blue altar of Sif Muna.
 24332 | Orc:1    | Noticed Nergalle
 24335 | Orc:1    | Killed Nergalle
 24342 | Orc:1    | You fall into a shaft and drop 1 floor!
 24342 | Orc:2    | Entered Level 2 of the Orcish Mines
 24570 | Orc:2    | Found Gopeatim's Magic Scroll Shoppe.
 24581 | Orc:2    | Found Ofougedgh's General Store.
 24584 | Orc:2    | Found Suputan's Magic Scroll Shoppe.
 24584 | Orc:2    | Found Setz's General Store.
 25005 | Orc:2    | Found a staircase to the Elven Halls.
 25107 | Orc:2    | Bought a scroll of acquirement for 728 gold pieces
 25107 | Orc:2    | Bought a scroll of teleportation for 42 gold pieces
 25107 | Orc:2    | Bought a scroll of magic mapping for 49 gold pieces
 25308 | Orc:2    | Found Vuefol's Book Shop.
 25547 | Orc:2    | Found a runed translucent door.
 25547 | Orc:2    | Noticed iamserjio's ghost (journeyman OpGl)
 25641 | Orc:2    | Bought a Grand Grimoire for 1214 gold pieces
 25677 | Orc:1    | Found Qeosev's Gadget Boutique.
 25691 | Orc:1    | Bought a sack of spiders for 280 gold pieces
 25691 | Orc:1    | Bought a box of beasts for 280 gold pieces
 26163 | Orc:1    | Identified Sif Muna's Grimoire of the Frostbite
 26210 | Orc:1    | Got a pair of distressingly furry gloves
 26216 | Orc:1    | Identified the +1 pair of gloves of Bitterness {Str+6 Int+4
                  | Dex+4} (You acquired it on level 1 of the Orcish Mines)
 26298 | D:9      | Bought an ancient hunting sling for 175 gold pieces
 26304 | D:9      | Bought a +1 helmet of see invisible for 264 gold pieces
 26328 | D:9      | Identified the +5 hunting sling of the Dwarven Hall {flame,
                  | +Blink rElec rN++ Int-3} (You bought it in a shop on level
                  | 9 of the Dungeon)
 26468 | D:11     | Reached skill level 1 in Evocations
 26666 | D:11     | Killed Grum
 26854 | D:11     | Noticed Urug
 26859 | D:11     | Killed Urug
 27199 | D:12     | Reached skill level 19 in Spellcasting
 28520 | D:13     | Found a gate leading to a gauntlet.
 28529 | Gauntlet | Entered a Gauntlet
 28529 | Gauntlet | Found a transporter.
 28544 | Gauntlet | Found a transporter.
 28553 | Gauntlet | Found a transporter.
 28558 | Gauntlet | Found a transporter.
 28573 | Gauntlet | Found a transporter.
 28589 | Gauntlet | Found a transporter.
 28604 | Gauntlet | Found a transporter.
 28610 | Gauntlet | Found a transporter.
 28621 | Gauntlet | Found a large runed translucent door.
 28622 | Gauntlet | Found a large runed translucent door.
 28623 | Gauntlet | Found a large runed translucent door.
 28623 | Gauntlet | Found a large runed translucent door.
 28624 | Gauntlet | Found a runed translucent gate.
 28625 | Gauntlet | Found a transporter.
 28625 | Gauntlet | Found a runed translucent gate.
 28626 | Gauntlet | Found a runed translucent gate.
 28627 | Gauntlet | Found a large runed translucent door.
 28627 | Gauntlet | Found a large runed translucent door.
 28628 | Gauntlet | Found a large runed translucent door.
 28629 | Gauntlet | Found a large runed translucent door.
 28637 | Gauntlet | Found the ring of Robustness {AC+8}
 28637 | Gauntlet | Found a transporter.
 28649 | Gauntlet | Found a transporter.
 28655 | Gauntlet | Found a transporter.
 28655 | Gauntlet | Found a transporter.
 28694 | Gauntlet | Found a transporter.
 28695 | Gauntlet | Found the +7 Kryia's mail coat {PotionHeal*2 rC+}
 28721 | Gauntlet | Found a transporter.
 28721 | Gauntlet | Found a transporter.
 28741 | Gauntlet | Found a transporter.
 28827 | Gauntlet | Found a large runed translucent door.
 28827 | Gauntlet | Found a large runed translucent door.
 28827 | Gauntlet | Found a runed translucent door.
 28827 | Gauntlet | Found a runed translucent door.
 28828 | Gauntlet | Found a large runed translucent door.
 28829 | Gauntlet | Found a large runed translucent door.
 28831 | Gauntlet | Found a transporter.
 28847 | Gauntlet | Found a large runed translucent door.
 28847 | Gauntlet | Found a large runed translucent door.
 28848 | Gauntlet | Found a large runed translucent door.
 28849 | Gauntlet | Found a large runed translucent door.
 29084 | Gauntlet | Got a coiled lapis lazuli ring
 29086 | Gauntlet | Identified the cursed ring of Iczew {rN+ Int+2 Dex-3
                  | Stlth+} (You found it in a Gauntlet)
 29144 | Gauntlet | Reached XP level 15. HP: 76/76 MP: 29/40
 29326 | Gauntlet | Identified Sif Muna's Collected Works on Venomous Ice
 29583 | D:13     | Identified the ring of Puodirgh {rN+ Str+3 Slay+2 Stlth-}
 29584 | D:13     | Reached skill level 10 in Fire Magic
 29792 | D:13     | Found a gate to the Vaults.
 30015 | D:13     | Reached skill level 5 in Poison Magic
 30049 | D:13     | Found a portal to a secret trove of treasure.
 30438 | Orc:2    | Killed iamserjio's ghost
 30438 | Orc:2    | Reached skill level 15 in Conjurations
 30615 | Shoals:1 | Entered Level 1 of the Shoals
 31084 | Shoals:1 | Learned a level 6 spell: Invisibility
 31984 | Shoals:2 | Reached skill level 5 in Summonings
 33164 | Shoals:3 | Reached skill level 20 in Spellcasting
 33806 | Shoals:3 | Noticed Polyphemus
 33976 | Shoals:3 | Killed Polyphemus
 33976 | Shoals:3 | Reached XP level 16. HP: 32/82 MP: 1/42
 34224 | Shoals:4 | Entered Level 4 of the Shoals
 34745 | Shoals:4 | Noticed Donald
 35644 | Shoals:4 | Killed Donald
 35956 | Shoals:4 | Noticed a kraken
 36299 | Shoals:4 | Identified the Guide on Helpful Displacement
 36309 | Shoals:4 | Learned a level 7 spell: Ring of Flames
 36473 | Shoals:4 | Got a barnacled rune of Zot
 37420 | Snake:1  | Entered Level 1 of the Snake Pit
 37803 | D:9      | Bought the +2 ratskin cloak {+Rats rPois rN+ Str-1 Int-1
                  | Dex+1} for 444 gold pieces
 37803 | D:9      | Found the +2 ratskin cloak {+Rats rPois rN+ Str-1 Int-1
                  | Dex+1}
 38050 | Snake:1  | Reached skill level 21 in Spellcasting
 38180 | Snake:1  | Found Xaylikyi's Food Shoppe.
 38224 | Snake:1  | Reached skill level 1 in Ice Magic
 38904 | Snake:1  | Reached XP level 17. HP: 67/87 MP: 29/44
 39645 | Snake:1  | Learned a level 7 spell: Monstrous Menagerie
 39772 | Snake:2  | Found a frozen archway.
 39782 | IceCv    | Entered an ice cave
 41081 | IceCv    | Engulfed by a cloud of freezing vapour

Levels and vault maps discovered:
D:1:      onia_arrival_mini_maze_b, layout_rooms
D:2:      layout_basic, first_ration, uniq_sigmund
D:3:      layout_rooms, makhleb_grotto_becter, yredelemnul_altar_generic
D:4:      layout_gridville, nemelex_xobeh_ov_fountains_minmay,
          gammafunk_temple_overflow_wave, grunt_ministairs_14, uniq_menkaure
D:5:      layout_rooms, okawaru_metal_pillars_1_2, uniq_pikel, uniq_duvessa
D:6:      layout_layer_cave, chequers_serial_rivers_micro_e, elyvilon_altar_4
D:7:      layout_gridville, nicolae_overflow_crystal_walls,
          kennysheep_little_box, minmay_temple_entry_metal_lava,
          glass_columns_b, grunt_livestock, uniq_joseph
D:8:      layout_basic, kennysheep_mini, fedhas_altar_decomposition
D:9:      layout_loops_cross, david_lair_generic, orc_0_dummy
D:10:     layout_roguey [special_room_orc]
D:11:     layout_basic, uniq_urug, uniq_grum, uniq_psyche, uniq_snorg
D:12:     layout_roguey [special_room_bee], minmay_strange_pillars
D:13:     layout_loops_ring, grunt_vaults_entry_tiered, gauntlet_entry_generic,
          enter_trove_0, chequers_serial_rivers_micro_d
Temple:   zaba_magenta_temple
Lair:1:   layout_cave_pods, serial_forest, infiniplex_forest_clump_small,
          infiniplex_forest_lined_2, infiniplex_forest_end_3,
          infiniplex_forest_straight_2, infiniplex_forest_corner_1,
          chequers_serial_rivers_room_a, grunt_megastairs_1, lemuel_fruit_fields
Lair:2:   layout_layer_cave, minmay_shoals_entry_hut,
          guppyfry_snake_entry_island, minmay_shattered_shrine
Lair:3:   layout_gridlike, uniq_fannar
Lair:4:   layout_regular_city, uniq_sonja
Lair:5:   layout_long_grid, beast_lair_carwin_10, grunt_megastairs_3,
          lemuel_fruit_fields
Lair:6:   evilmike_catoblepas_cave, layout_small_grid,
          minmay_slime_entry_jelly_boxes, lemuel_fruit_tree,
          minmay_lair_oklob_chamber
Shoals:1: layout_shoals, nicolae_shoals_cliffside_cave
Shoals:2: layout_shoals, ldierk_geyser, nicolae_shoals_isolated_beach
Shoals:3: layout_shoals, nicolae_shoals_this_corrosion, uniq_polyphemus
Shoals:4: shoals_end_simple, layout_shoals, uniq_donald
Snake:1:  hangedman_cross_stitches, layout_chambers, serial_shops,
          nicolae_shop_crystal
Snake:2:  layout_basic, portal_ice_cave_entry_pillars_four, special_room
Orc:1:    layout_caves, serial_shops, shop_fountains, led_sif_book,
          uniq_nergalle
Orc:2:    st_orc_mages, layout_diamond_mine, serial_shops, shop,
          ebering_ghost_inner_flame
IceCv:    ice_cave_caverns_02

Skill      XL: |  1  2  3  4  5  6  7  8  9 10 11 12 13 14 15 16 17 |
---------------+----------------------------------------------------+-----
Spellcasting   | 5 6 7 9 10 12 13 15 16 17 19 20 21 | 21.4
Dodging        | 3 4 5 6 7 |  7.5
Stealth        | 3 4 5 |  5.7
Conjurations   | 2 3 4 5 7 9 10 11 12 13 14 15 16 | 16.6
Poison Magic   | 1 2 3 4 5 6 |  6.0
Translocations | 2 3 4 5 6 |  6.8
Fire Magic     | 1 2 3 4 6 8 9 11 12 | 12.5
Fighting       | 1 2 3 |  3.0
Air Magic      | 1 3 |  3.2
Charms         | 5 8 |  8.5
Hexes          | 5 8 |  8.5
Summonings     | 3 6 9 |  9.4
Evocations     | 3 4 |  4.4
Ice Magic      | 1 |  1.2
Unarmed Combat | |  0.3

Action                   |  1- 3 |  4- 6 |  7- 9 | 10-12 | 13-15 | 16-18 || total
-------------------------+-------+-------+-------+-------+-------+-------++-------
Melee: Unarmed           |     3 |       |       |       |       |       ||     3
       Staff             |       |       |       |     3 |     6 |     4 ||    13
Throw: Boomerang         |       |       |       |       |       |     1 ||     1
 Cast: Magic Dart        |   117 |    83 |   330 |   451 |   152 |     8 ||  1141
       Conjure Flame     |     1 |     3 |    32 |    78 |    46 |     2 ||   162
       Blink             |     1 |       |    13 |    25 |    42 |    17 ||    98
       Mephitic Cloud    |       |     2 |    17 |    39 |     8 |       ||    66
       Fireball          |       |       |       |   103 |   430 |   259 ||   792
       Swiftness         |       |       |       |     2 |     2 |       ||     4
       Venom Bolt        |       |       |       |    10 |   148 |    32 ||   190
       Olgreb's Toxic Ra |       |       |       |     2 |       |       ||     2
       Summon Ice Beast  |       |       |       |     1 |    11 |     4 ||    16
       Summon Guardian G |       |       |       |     1 |     9 |     3 ||    13
       Invisibility      |       |       |       |       |     6 |     1 ||     7
       Ring of Flames    |       |       |       |       |       |     1 ||     1
Invok: Call Merchant     |       |       |       |       |     3 |     2 ||     5
 Abil: Evoke Ratskin     |       |       |       |       |       |     2 ||     2
Evoke: Wand              |       |       |       |       |     3 |     2 ||     5
  Use: Potion            |     4 |       |     1 |     2 |     6 |       ||    13
       Scroll            |       |       |     9 |    16 |     9 |     4 ||    38
 Stab: Invisible         |     2 |       |       |       |       |       ||     2
  Eat: Chunk             |     3 |     5 |     7 |       |       |       ||    15
       Ration            |       |       |     3 |     9 |    13 |     7 ||    32
Armor: Robe              |     3 |     1 |       |    15 |    28 |    17 ||    64
       Skin              |     3 |       |       |       |       |       ||     3
Dodge: Dodged            |    18 |    17 |    46 |   159 |   177 |    80 ||   497
       Deflected         |       |       |       |     3 |    25 |    13 ||    41
